General information
- name: BNet
- type: Ladder team game (AT/RT)
- host: Battle.net
- saver: BAD_FRIDAY
map: MarketSquare
- players: 8
- length: 45:26
- speed: Fast
- version: 1.26 W3XP
- replay type: Public
» download(323 KB)
Players
team 1 (winner)
ravenouscheenk (
yellow | 28 APM | 1260 actions | 45:22)
3 Far Seer
2 Feral Spirit
1 Chain Lighting
» actions
| Basic commands | 21 | |
| Build / train | 83 | |
| Enter build submenu | 45 | |
| Enter hero's abilities submenu | 3 | |
| Remove unit from queue | 1 | |
| Right click | 659 | |
| Select / deselect | 370 | |
| Use ability | 77 | |
1260 total
» units
| Peon | 25 | |
| Grunt | 7 | |
| Troll Headhunter/Berserker | 26 | |
| Shaman | 8 | |
| Troll Witch Doctor | 1 | |
67 total
» upgrades
| Spiked Barricades | 1 | |
| Troll Regeneration | 1 | |
| Ranged Weapons | 2 | |
| Armor | 1 | |
| Berserker Upgrade | 1 | |
| Shaman Training | 2 | |
| Reinforced Defenses | 1 | |
9 total
» buildings
| Orc Burrow | 13 | |
| Altar of Storms | 3 | |
| War Mill | 1 | |
| Barracks | 3 | |
| Watch Tower | 11 | |
| Stronghold | 1 | |
| Fortress | 1 | |
| Spirit Lodge | 1 | |
| Voodoo Lounge | 1 | |
| Great Hall | 1 | |
36 total
» build order
00:26 Orc Burrow
00:59 Altar of Storms
01:31 War Mill
01:44 Barracks
04:04 Watch Tower
04:43 Watch Tower
05:11 Watch Tower
05:28 Orc Burrow
07:12 Watch Tower
07:40 Watch Tower
07:46 Watch Tower
07:50 Orc Burrow
08:11 Watch Tower
08:55 Watch Tower
09:09 Watch Tower
09:36 Orc Burrow
12:18 Watch Tower
12:45 Orc Burrow
13:37 Orc Burrow
14:01 Barracks
14:25 Watch Tower
15:32 Orc Burrow
15:37 Stronghold
17:31 Orc Burrow
18:23 Fortress
18:32 Spirit Lodge
18:38 Orc Burrow
20:35 Orc Burrow
23:49 Altar of Storms
36:04 Altar of Storms
37:46 Orc Burrow
38:54 Barracks
39:00 Voodoo Lounge
39:14 Orc Burrow
41:11 Great Hall
43:27 Orc Burrow

»
ImYoBabyDaddy (
red | 132 APM | 6011 actions | 45:22)
8 Far Seer
3 Feral Spirit
3 Chain Lighting
1 Earth Quake
1 Far Sight
5 Tauren Chieftain
1 Endurance Aura
3 Shockwave
1 Reincarnation
» actions
| Assign group hotkey | 133 | |
| Basic commands | 677 | |
| Build / train | 150 | |
| ESC pressed | 10 | |
| Enter build submenu | 117 | |
| Enter hero's abilities submenu | 14 | |
| Give item / drop item | 1 | |
| Right click | 2157 | |
| Select / deselect | 1206 | |
| Select group hotkey | 1193 | |
| Use ability | 347 | |
6011 total
» units
| Peon | 48 | |
| Grunt | 7 | |
| Shaman | 4 | |
| Troll Witch Doctor | 5 | |
| Wind Rider | 4 | |
| Troll Batrider | 11 | |
| Demolisher | 4 | |
| Hippogryph | 3 | |
| Chimaera | 3 | |
89 total
» upgrades
| Spiked Barricades | 1 | |
| Shaman Training | 2 | |
| Witch Doctor Training | 2 | |
| Reinforced Defenses | 1 | |
| Ranged Weapons | 2 | |
| Armor | 1 | |
9 total
» buildings
| Altar of Storms | 1 | |
| Orc Burrow | 8 | |
| Barracks | 5 | |
| War Mill | 2 | |
| Voodoo Lounge | 4 | |
| Stronghold | 1 | |
| Spirit Lodge | 2 | |
| Great Hall | 10 | |
| Watch Tower | 74 | |
| Fortress | 1 | |
| Beastiary | 2 | |
110 total
» build order
00:21 Altar of Storms
00:34 Orc Burrow
01:12 Barracks
01:33 War Mill
01:35 War Mill
02:07 Orc Burrow
02:25 Voodoo Lounge
02:27 Voodoo Lounge
02:48 Orc Burrow
05:18 Stronghold
07:16 Orc Burrow
07:47 Spirit Lodge
07:47 Spirit Lodge
08:21 Great Hall
08:26 Voodoo Lounge
08:48 Watch Tower
08:50 Watch Tower
08:51 Watch Tower
09:10 Watch Tower
09:10 Watch Tower
09:14 Fortress
09:36 Watch Tower
10:40 Watch Tower
10:41 Watch Tower
11:49 Voodoo Lounge
11:53 Great Hall
11:57 Watch Tower
11:58 Watch Tower
12:44 Beastiary
12:44 Beastiary
12:59 Watch Tower
13:18 Watch Tower
13:51 Great Hall
14:03 Watch Tower
14:03 Watch Tower
14:36 Watch Tower
14:36 Watch Tower
14:57 Orc Burrow
14:58 Orc Burrow
15:07 Watch Tower
16:11 Watch Tower
16:58 Watch Tower
17:07 Watch Tower
17:08 Watch Tower
17:08 Watch Tower
19:51 Watch Tower
19:52 Watch Tower
19:52 Watch Tower
21:01 Watch Tower
21:01 Watch Tower
21:02 Watch Tower
21:03 Watch Tower
22:04 Watch Tower
22:06 Watch Tower
23:11 Great Hall
23:26 Orc Burrow
23:26 Orc Burrow
24:53 Watch Tower
24:54 Watch Tower
26:13 Watch Tower
26:14 Watch Tower
27:18 Watch Tower
27:18 Watch Tower
28:19 Barracks
28:20 Barracks
28:21 Barracks
28:23 Barracks
29:30 Great Hall
29:54 Watch Tower
29:55 Watch Tower
29:55 Watch Tower
31:36 Great Hall
31:48 Watch Tower
31:50 Watch Tower
31:51 Watch Tower
31:53 Watch Tower
36:43 Great Hall
37:50 Watch Tower
37:51 Watch Tower
37:51 Watch Tower
37:52 Watch Tower
38:09 Watch Tower
38:09 Watch Tower
38:10 Watch Tower
38:11 Watch Tower
39:03 Watch Tower
39:04 Watch Tower
39:16 Watch Tower
39:16 Watch Tower
39:54 Watch Tower
39:55 Watch Tower
40:05 Watch Tower
40:06 Watch Tower
40:20 Watch Tower
41:30 Great Hall
41:43 Great Hall
42:22 Watch Tower
42:22 Watch Tower
42:22 Watch Tower
42:40 Watch Tower
42:40 Watch Tower
43:20 Great Hall
43:31 Watch Tower
43:31 Watch Tower
43:31 Watch Tower
43:59 Watch Tower
43:59 Watch Tower
» items
| Healing Salve | 4 | |
| Lesser Clarity Potion | 2 | |
| Staff of Teleportation | 2 | |
| Potion of Healing | 1 | |
| Potion of Mana | 2 | |
| Scroll of Town Portal | 3 | |
| Scroll of Healing | 3 | |
| Boots of Speed | 2 | |
| Scroll of Protection | 1 | |
20 total

»
BAD_FRIDAY (
pink | 53 APM | 2412 actions | 45:26)
10 Archmage
3 Blizzard
3 Brilliance Aura
1 Mass Teleport
3 Summon Water Elemental
1 Demon Hunter
1 Evasion
» actions
| Assign group hotkey | 430 | |
| Basic commands | 164 | |
| Build / train | 113 | |
| ESC pressed | 7 | |
| Enter build submenu | 43 | |
| Enter hero's abilities submenu | 11 | |
| Give item / drop item | 1 | |
| Remove unit from queue | 1 | |
| Right click | 707 | |
| Select / deselect | 285 | |
| Select group hotkey | 480 | |
| Use ability | 170 | |
2412 total
» units
| Peasant | 13 | |
| Footman | 3 | |
| Rifleman | 19 | |
| Priest | 4 | |
| Sorceress | 5 | |
| Siege Engine | 10 | |
54 total
» upgrades
| Masonry | 2 | |
| Gunpowder | 3 | |
| Armor | 2 | |
| Long Rifles | 1 | |
| Lumber Harvesting | 2 | |
| Magic Sentry | 1 | |
| Sorceress Training | 2 | |
| Priest Training | 1 | |
| Barrage | 1 | |
15 total
» buildings
| Altar of Kings | 1 | |
| Farm | 12 | |
| Barracks | 2 | |
| Scout Tower | 12 | |
| Arcane Tower | 3 | |
| Lumber Mill | 1 | |
| Blacksmith | 1 | |
| Keep | 4 | |
| Castle | 3 | |
| Arcane Sanctum | 3 | |
| Town Hall | 3 | |
| Guard Tower | 3 | |
| Workshop | 2 | |
| Arcane Vault | 1 | |
51 total
» build order
00:30 Altar of Kings
00:55 Farm
00:59 Barracks
01:20 Scout Tower
02:05 Arcane Tower
02:13 Farm
02:14 Farm
02:18 Farm
03:05 Lumber Mill
03:10 Blacksmith
03:29 Farm
04:26 Keep
05:23 Barracks
07:05 Castle
07:27 Arcane Sanctum
07:32 Arcane Sanctum
09:34 Arcane Sanctum
09:45 Farm
09:48 Farm
09:52 Farm
12:15 Scout Tower
12:16 Scout Tower
12:19 Scout Tower
12:23 Scout Tower
12:26 Scout Tower
14:21 Town Hall
14:23 Scout Tower
14:25 Scout Tower
14:38 Guard Tower
15:27 Scout Tower
15:29 Scout Tower
16:30 Farm
16:31 Farm
16:35 Arcane Tower
17:39 Guard Tower
17:40 Keep
20:05 Farm
20:06 Farm
25:29 Town Hall
25:30 Scout Tower
25:32 Scout Tower
26:40 Town Hall
26:44 Guard Tower
28:42 Keep
29:51 Keep
33:44 Workshop
33:49 Workshop
34:20 Arcane Vault
35:25 Castle
36:05 Arcane Tower
36:29 Castle
» items
| Moonstone | 1 | |
| Lesser Clarity Potion | 2 | |
| Scroll of Town Portal | 6 | |
| Scroll of Healing | 2 | |
| Anti-magic Potion | 1 | |
| Scroll of Regeneration | 3 | |
| Potion of Healing | 3 | |
18 total

»
lolimisius (
green | 39 APM | 1360 actions | 35:08)
6 Demon Hunter
3 Mana Burn
2 Evasion
1 Metamorphosis
» actions
| Assign group hotkey | 16 | |
| Build / train | 64 | |
| Enter build submenu | 23 | |
| Enter hero's abilities submenu | 6 | |
| Remove unit from queue | 4 | |
| Right click | 657 | |
| Select / deselect | 396 | |
| Select group hotkey | 147 | |
| Use ability | 47 | |
1360 total
» units
| Wisp | 11 | |
| Archer | 4 | |
| Huntress | 3 | |
| Hippogryph | 9 | |
| Chimaera | 14 | |
| Druid of the Talon | 6 | |
47 total
» upgrades
| Strength of the Wild | 1 | |
| Reinforced Hides | 2 | |
| Hippogryph Taming | 1 | |
| Corrosive Breath | 1 | |
| Druid of the Talon Training | 1 | |
6 total
» buildings
| Moon Well | 9 | |
| Altar of Elders | 2 | |
| Ancient of War | 3 | |
| Hunter's Hall | 1 | |
| Ancient of Wonders | 1 | |
| Tree of Ages | 1 | |
| Ancient of Wind | 1 | |
| Tree of Eternity | 1 | |
| Chimaera Roost | 2 | |
| Tree of Life | 1 | |
22 total
» build order
00:13 Moon Well
00:23 Altar of Elders
00:51 Altar of Elders
01:42 Ancient of War
02:23 Ancient of War
03:07 Ancient of War
03:19 Moon Well
03:35 Hunter's Hall
04:59 Moon Well
05:26 Ancient of Wonders
06:18 Tree of Ages
06:59 Moon Well
08:02 Moon Well
08:49 Ancient of Wind
10:31 Tree of Eternity
11:11 Moon Well
11:16 Moon Well
12:53 Moon Well
13:33 Chimaera Roost
14:23 Moon Well
14:37 Chimaera Roost
23:26 Tree of Life
» items
| Scroll of Town Portal | 1 | |
| Healing Salve | 1 | |
2 total
team 2 (loser)

»
flacidmember (
orange | 43 APM | 997 actions | 23:24)
5 Demon Hunter
3 Evasion
2 Mana Burn
» actions
| Assign group hotkey | 6 | |
| Build / train | 71 | |
| Enter build submenu | 17 | |
| Enter hero's abilities submenu | 5 | |
| Right click | 642 | |
| Select / deselect | 214 | |
| Select group hotkey | 8 | |
| Use ability | 34 | |
997 total
» units
| Wisp | 14 | |
| Archer | 15 | |
| Hippogryph | 15 | |
| Chimaera | 7 | |
51 total
» upgrades
| Improved Bows | 1 | |
| Hippogryph Taming | 1 | |
| Corrosive Breath | 1 | |
| Strength of the Moon | 2 | |
| Strength of the Wild | 2 | |
| Marksmanship | 1 | |
| Well Spring | 1 | |
| Ultravision | 1 | |
| Reinforced Hides | 1 | |
11 total
» buildings
| Altar of Elders | 1 | |
| Moon Well | 8 | |
| Ancient of War | 1 | |
| Tree of Ages | 1 | |
| Ancient of Wind | 1 | |
| Tree of Eternity | 1 | |
| Chimaera Roost | 1 | |
| Hunter's Hall | 1 | |
| Tree of Life | 1 | |
| Ancient Protector | 1 | |
17 total
» build order
00:09 Altar of Elders
00:14 Moon Well
01:18 Moon Well
02:09 Ancient of War
02:22 Moon Well
03:27 Moon Well
03:45 Tree of Ages
04:27 Moon Well
05:27 Moon Well
06:42 Ancient of Wind
06:59 Moon Well
07:08 Tree of Eternity
09:28 Moon Well
10:05 Chimaera Roost
10:24 Hunter's Hall
15:40 Tree of Life
20:44 Ancient Protector
» items

»
GetTheAssassino (
teal | 69 APM | 3148 actions | 45:19)
6 Blood Mage
3 Flame Strike
2 Banish
1 Summon Phoenix
5 Paladin
3 Holy Light
2 Divine Shield
5 Pandaren Brewmaster
3 Breath of Fire
2 Drunken Haze
» actions
| Assign group hotkey | 75 | |
| Basic commands | 237 | |
| Build / train | 118 | |
| ESC pressed | 6 | |
| Enter build submenu | 35 | |
| Enter hero's abilities submenu | 16 | |
| Give item / drop item | 2 | |
| Remove unit from queue | 1 | |
| Right click | 939 | |
| Select / deselect | 704 | |
| Select group hotkey | 861 | |
| Use ability | 154 | |
3148 total
» units
| Peasant | 10 | |
| Footman | 9 | |
| Sorceress | 12 | |
| Mortar Team | 14 | |
| Forest Troll High Priest | 1 | |
| Kobold Geomancer | 1 | |
| Siege Engine | 7 | |
54 total
» upgrades
| Masonry | 3 | |
| Magic Sentry | 1 | |
| Sorceress Training | 2 | |
| Flare | 1 | |
| Gunpowder | 3 | |
| Fragmentation Shards | 1 | |
| Armor | 3 | |
| Barrage | 1 | |
| Plating | 2 | |
17 total
» buildings
| Altar of Kings | 1 | |
| Barracks | 1 | |
| Farm | 8 | |
| Scout Tower | 8 | |
| Arcane Tower | 1 | |
| Arcane Vault | 1 | |
| Lumber Mill | 1 | |
| Keep | 1 | |
| Guard Tower | 6 | |
| Arcane Sanctum | 1 | |
| Blacksmith | 1 | |
| Workshop | 2 | |
| Castle | 1 | |
| Town Hall | 5 | |
38 total
» build order
00:04 Altar of Kings
00:07 Barracks
00:10 Farm
01:41 Scout Tower
02:10 Farm
02:20 Arcane Tower
02:35 Farm
03:44 Arcane Vault
03:50 Lumber Mill
03:57 Keep
04:00 Scout Tower
04:11 Farm
04:56 Guard Tower
05:14 Farm
05:18 Scout Tower
05:19 Scout Tower
06:26 Guard Tower
06:27 Guard Tower
08:14 Arcane Sanctum
08:16 Blacksmith
09:29 Workshop
09:56 Workshop
10:09 Castle
11:18 Farm
11:26 Scout Tower
12:36 Guard Tower
17:23 Scout Tower
17:25 Scout Tower
18:31 Guard Tower
19:24 Farm
19:26 Farm
27:38 Town Hall
33:54 Scout Tower
33:57 Town Hall
35:43 Guard Tower
37:01 Town Hall
41:40 Town Hall
44:21 Town Hall
» items
| Potion of Healing | 5 | |
| Scroll of Town Portal | 2 | |
| Scroll of Regeneration | 5 | |
| Staff of Sanctuary | 2 | |
| Orb of Fire | 2 | |
| Lesser Clarity Potion | 1 | |
17 total

»
SwedishFootnote (
blue | 71 APM | 3217 actions | 45:22)
4 Archmage
2 Blizzard
2 Brilliance Aura
1 Paladin
1 Divine Shield
1 Pandaren Brewmaster
1 Storm Earth and Fire
» actions
| Assign group hotkey | 45 | |
| Basic commands | 100 | |
| Build / train | 153 | |
| ESC pressed | 8 | |
| Enter build submenu | 95 | |
| Enter hero's abilities submenu | 7 | |
| Right click | 1252 | |
| Select / deselect | 774 | |
| Select group hotkey | 517 | |
| Use ability | 266 | |
3217 total
» units
| Peasant | 53 | |
| Footman | 19 | |
| Siege Engine | 3 | |
| Flying Machine | 2 | |
77 total
» upgrades
| Masonry | 5 | |
| Defend | 1 | |
| Gunpowder | 1 | |
| Plating | 1 | |
8 total
» buildings
| Farm | 7 | |
| Altar of Kings | 1 | |
| Lumber Mill | 11 | |
| Scout Tower | 89 | |
| Arcane Tower | 4 | |
| Barracks | 1 | |
| Arcane Vault | 2 | |
| Guard Tower | 50 | |
| Town Hall | 5 | |
| Keep | 1 | |
| Blacksmith | 1 | |
| Castle | 1 | |
| Workshop | 3 | |
| Ancient of War | 1 | |
177 total
» build order
00:20 Farm
00:23 Altar of Kings
00:46 Lumber Mill
01:00 Scout Tower
01:20 Arcane Tower
01:20 Arcane Tower
02:09 Farm
03:10 Barracks
03:25 Farm
04:07 Scout Tower
04:48 Arcane Vault
04:49 Guard Tower
04:52 Scout Tower
05:38 Guard Tower
08:33 Scout Tower
09:05 Farm
09:07 Arcane Tower
09:49 Farm
10:36 Scout Tower
11:00 Farm
11:07 Guard Tower
11:32 Arcane Vault
12:01 Town Hall
13:15 Keep
14:41 Town Hall
14:47 Town Hall
14:50 Lumber Mill
14:53 Lumber Mill
14:57 Lumber Mill
15:00 Farm
17:38 Blacksmith
17:40 Castle
17:48 Scout Tower
17:58 Guard Tower
18:01 Scout Tower
18:15 Guard Tower
19:05 Workshop
19:06 Workshop
19:09 Workshop
22:28 Town Hall
22:30 Lumber Mill
22:36 Town Hall
22:42 Lumber Mill
22:46 Lumber Mill
22:48 Lumber Mill
22:52 Scout Tower
22:52 Scout Tower
22:54 Scout Tower
22:55 Scout Tower
22:56 Scout Tower
23:50 Guard Tower
24:43 Scout Tower
24:43 Scout Tower
24:44 Scout Tower
24:44 Scout Tower
24:46 Scout Tower
24:48 Scout Tower
24:49 Scout Tower
24:50 Scout Tower
24:55 Scout Tower
24:56 Scout Tower
24:57 Scout Tower
25:12 Guard Tower
25:13 Guard Tower
25:15 Scout Tower
25:17 Guard Tower
25:19 Guard Tower
25:20 Guard Tower
25:22 Scout Tower
25:28 Guard Tower
26:31 Guard Tower
26:31 Guard Tower
26:33 Scout Tower
26:34 Scout Tower
26:35 Scout Tower
26:36 Scout Tower
26:56 Lumber Mill
27:00 Lumber Mill
27:02 Lumber Mill
27:04 Guard Tower
27:04 Guard Tower
27:11 Guard Tower
27:24 Scout Tower
27:24 Scout Tower
27:24 Scout Tower
27:25 Scout Tower
27:25 Scout Tower
27:25 Scout Tower
27:26 Scout Tower
27:26 Scout Tower
27:26 Scout Tower
27:27 Scout Tower
27:27 Scout Tower
27:28 Scout Tower
27:28 Scout Tower
27:28 Scout Tower
27:28 Scout Tower
27:29 Scout Tower
27:29 Scout Tower
27:29 Scout Tower
27:30 Scout Tower
27:30 Scout Tower
27:30 Scout Tower
27:31 Scout Tower
27:42 Arcane Tower
28:00 Guard Tower
28:02 Guard Tower
28:02 Guard Tower
28:10 Guard Tower
28:26 Guard Tower
28:35 Guard Tower
28:53 Scout Tower
28:53 Scout Tower
28:54 Scout Tower
28:54 Scout Tower
28:54 Scout Tower
28:55 Scout Tower
28:56 Scout Tower
28:56 Scout Tower
28:57 Scout Tower
28:58 Scout Tower
29:00 Scout Tower
29:00 Scout Tower
29:01 Scout Tower
29:03 Scout Tower
29:04 Scout Tower
29:05 Guard Tower
29:10 Guard Tower
29:22 Ancient of War
29:27 Guard Tower
29:34 Guard Tower
29:42 Guard Tower
29:44 Guard Tower
29:56 Guard Tower
29:57 Guard Tower
29:58 Guard Tower
30:00 Guard Tower
30:05 Scout Tower
30:06 Scout Tower
30:07 Scout Tower
30:09 Scout Tower
30:10 Scout Tower
30:11 Scout Tower
30:12 Guard Tower
30:23 Guard Tower
30:25 Scout Tower
30:25 Scout Tower
30:27 Scout Tower
30:30 Scout Tower
30:34 Guard Tower
30:34 Guard Tower
30:44 Guard Tower
30:45 Guard Tower
30:49 Guard Tower
30:55 Guard Tower
30:59 Guard Tower
31:06 Guard Tower
31:13 Guard Tower
31:15 Guard Tower
37:52 Scout Tower
37:53 Scout Tower
37:53 Scout Tower
37:56 Scout Tower
37:56 Scout Tower
38:00 Scout Tower
38:46 Guard Tower
38:58 Scout Tower
39:01 Scout Tower
39:01 Scout Tower
39:31 Guard Tower
39:32 Guard Tower
39:33 Guard Tower
39:35 Scout Tower
40:07 Guard Tower
40:08 Scout Tower
» items
| Scroll of Regeneration | 3 | |
| Scroll of Town Portal | 1 | |
| Potion of Healing | 1 | |
5 total
TheKingMK (
purple | 34 APM | 775 actions | 22:58)
5 Paladin
2 Holy Light
3 Divine Shield
» actions
| Assign group hotkey | 5 | |
| Basic commands | 2 | |
| Build / train | 54 | |
| Enter build submenu | 20 | |
| Enter hero's abilities submenu | 5 | |
| Remove unit from queue | 6 | |
| Right click | 402 | |
| Select / deselect | 146 | |
| Select group hotkey | 107 | |
| Use ability | 28 | |
775 total
» units
| Peasant | 6 | |
| Footman | 9 | |
| Flying Machine | 19 | |
34 total
» upgrades
| Flying Machine Bombs | 1 | |
| Flak Cannons | 1 | |
2 total
» buildings
| Altar of Kings | 1 | |
| Farm | 10 | |
| Barracks | 1 | |
| Keep | 1 | |
| Scout Tower | 2 | |
| Castle | 1 | |
| Blacksmith | 1 | |
| Workshop | 2 | |
| Arcane Tower | 1 | |
20 total
» build order
00:17 Altar of Kings
00:21 Farm
01:08 Barracks
03:53 Farm
03:56 Farm
05:08 Keep
06:13 Scout Tower
06:16 Farm
07:34 Farm
07:39 Scout Tower
08:54 Castle
09:00 Blacksmith
10:10 Workshop
10:13 Workshop
17:28 Farm
17:32 Farm
17:53 Arcane Tower
19:14 Farm
19:17 Farm
20:01 Farm
» items
| Scroll of Town Portal | 1 | |
| Staff of Teleportation | 1 | |
| Scroll of Healing | 1 | |
3 total
Chat log
(00:05 / All) TheKingMK: LMFAO lvl 1 power
(00:05 / All) ImYoBabyDaddy: Awesome, purple.
(00:09 / All) ImYoBabyDaddy: We needed a sixth, actually.
(00:11 / All) ImYoBabyDaddy: You posed as one.
(00:12 / All) ImYoBabyDaddy: Thanks. <3
(00:15 / All) BAD_FRIDAY: thanks <3
(00:26 / All) GetTheAssassino: Star Piegrim vs the World
(00:31 / All) TheKingMK: wat did i do?
(00:36 / Allies) BAD_FRIDAY: LOL
(00:41 / All) ImYoBabyDaddy: YOU COCKSUCKER FLAMESTRUCK
(00:47 / All) ImYoBabyDaddy: We needed another level one
(00:48 / All) BAD_FRIDAY: lol starshaped stop harassing our noob
(00:50 / All) ImYoBabyDaddy: to even out our group of five.
(01:00 / All) GetTheAssassino: i may be able to get my bro on for next game not sure
(01:08 / All) ImYoBabyDaddy: You fucking asshole, holy shit.
(01:12 / Allies) BAD_FRIDAY: help him lol
(01:14 / Allies) lolimisius: I need hlep
(01:17 / Allies) ImYoBabyDaddy: I'm coming as soon as I can.
(01:26 / All) GetTheAssassino: rofl POW
(01:28 / Allies) ImYoBabyDaddy: Get an AoW up if you can.
(01:36 / Allies) BAD_FRIDAY: get an AOW right next to it
(01:38 / Allies) BAD_FRIDAY: so it attacks
(01:42 / All) ImYoBabyDaddy: Are you TRYING to piss off our group?
(01:48 / All) SwedishFootnote: not my fault hes there
(01:54 / All) SwedishFootnote: i randomed hu on these spawns
(01:56 / All) SwedishFootnote: couldnt resist
(01:57 / All) SwedishFootnote: sorry
(01:58 / Allies) BAD_FRIDAY: cant repair that lol
(02:02 / Allies) BAD_FRIDAY: its in constructions
(02:07 / All) GetTheAssassino: yeah i'm like that on gold rush too lol
(02:08 / Allies) lolimisius: lol
(02:21 / Allies) ImYoBabyDaddy: Thank God he's holding back.
(02:34 / Allies) BAD_FRIDAY: move the wisps away
(02:38 / Allies) lolimisius: I am
(02:41 / Allies) ImYoBabyDaddy: Yeah, you're fine.
(02:42 / Allies) ImYoBabyDaddy: I got you.
(03:16 / All) SwedishFootnote: wish i didnt go blizz lol
(03:37 / Allies) lolimisius: what do you want me to get?
(03:40 / All) GetTheAssassino: Far seeas eh?
(03:42 / Allies) ImYoBabyDaddy: Do what you want.
(03:47 / Allies) ImYoBabyDaddy: May need anti-air in the late-game.
(03:48 / Allies) lolimisius: k
(03:52 / Allies) ImYoBabyDaddy: Just keep blue from expanding.
(04:17 / Allies) ImYoBabyDaddy: Help him, Teelo.
(04:18 / All) GetTheAssassino: well i'm afraid I can't condone that kind of behavior
(04:25 / Allies) ImYoBabyDaddy: Nvm, coming.
(04:33 / All) TheKingMK: LMFAO blue
(04:35 / Allies) BAD_FRIDAY: repair
(04:35 / Allies) ImYoBabyDaddy: Repair.
(04:36 / Allies) BAD_FRIDAY: repair
(04:37 / All) TheKingMK: i love him
(04:57 / Allies) BAD_FRIDAY: sooms for future reference
(05:00 / Allies) BAD_FRIDAY: you build at the choke
(05:04 / Allies) BAD_FRIDAY: like i did
(05:06 / Allies) lolimisius: k
(05:09 / Allies) BAD_FRIDAY: on this map
(06:07 / All) GetTheAssassino: FAR SEERS ARE OP NOW
(06:10 / All) GetTheAssassino: OP OP OP O P O P OP OP
(06:36 / All) ImYoBabyDaddy: So, why aren't you helping him?
(06:47 / All) GetTheAssassino: he didn't ask lol
(06:48 / All) SwedishFootnote: im fine
(07:26 / All) SwedishFootnote: you'd think they'd do some damage if it was 4v1 over here
(07:34 / All) ImYoBabyDaddy: Your econ is shit-fucked.
(07:36 / All) ImYoBabyDaddy: Don't pretend it ain't.
(07:39 / All) GetTheAssassino: heh
(07:47 / All) SwedishFootnote: brah im finer than a dandy
(07:55 / All) ImYoBabyDaddy: Dandies ain't fine.
(07:55 / All) BAD_FRIDAY: lol brit
(08:33 / Allies) ravenouscheenk: fukin helpp or i leave
(08:39 / Allies) ImYoBabyDaddy: Fine.
(08:41 / Allies) BAD_FRIDAY: wheres your shop
(08:43 / Allies) BAD_FRIDAY: i cant get a tp back out
(09:16 / Allies) BAD_FRIDAY: see
(09:17 / Allies) ImYoBabyDaddy: Coming.
(09:18 / Allies) ImYoBabyDaddy: I got it.
(09:19 / Allies) BAD_FRIDAY: cant help him now
(12:08 / Allies) ImYoBabyDaddy: On it.
(12:22 / All) ImYoBabyDaddy: THOU SHALL NOT MASS
(12:23 / All) SwedishFootnote: hacker filth
(13:27 / Allies) BAD_FRIDAY: omw red
(13:39 / Allies) ImYoBabyDaddy: I got him.
(13:40 / Allies) ImYoBabyDaddy: He's fucked,.
(14:32 / All) ImYoBabyDaddy: You fucking asshole, holy shit.
(14:39 / All) TheKingMK: loooooooooooo
(14:41 / All) TheKingMK: l
(15:03 / Allies) ImYoBabyDaddy: Teelo, need a favor out of you.
(15:06 / Allies) BAD_FRIDAY: yeah
(15:17 / Allies) ImYoBabyDaddy: Need towers
(15:19 / Allies) ImYoBabyDaddy: with detection
(15:24 / Allies) BAD_FRIDAY: you got it
(15:27 / All) SwedishFootnote: ok orange lost his hero to creeps
(15:29 / Allies) ImYoBabyDaddy: Thanks, brochacho.
(15:30 / All) ImYoBabyDaddy: rofl
(15:33 / All) SwedishFootnote: purple has had like 2 peons on gold all game
(15:36 / All) SwedishFootnote: teals losing morts to towers
(15:37 / All) BAD_FRIDAY: lol
(15:37 / All) GetTheAssassino: 3 actaulyl
(15:40 / All) ImYoBabyDaddy: Man, and that's not even the worst reason you're losing!
(15:41 / All) GetTheAssassino: LOL
(15:42 / All) ImYoBabyDaddy: You searched when I was!
(15:44 / All) BAD_FRIDAY: yeah this is aRranged Team
(15:56 / All) ImYoBabyDaddy: I'm coining the term Arrandom Team.
(15:59 / All) ImYoBabyDaddy: That's what we play.
(16:00 / All) ImYoBabyDaddy: Arrandom Team.
(16:08 / All) GetTheAssassino: hahah
(16:14 / All) SwedishFootnote: simmer down breh
(16:16 / All) BAD_FRIDAY: arhaehauhauhuahua
(16:20 / All) GetTheAssassino: Orange: "I lost my hero because I wanted you to shut up"
(16:23 / All) ImYoBabyDaddy: ROFL
(16:25 / All) ImYoBabyDaddy: hahahahahaha
(16:39 / All) ImYoBabyDaddy: That's awesome.
(16:56 / All) ImYoBabyDaddy: Wow, well played.
(17:16 / Allies) BAD_FRIDAY: repair
(17:17 / Allies) BAD_FRIDAY: repair!
(17:19 / Allies) lolimisius: purp
(17:26 / Allies) lolimisius: on it
(17:28 / All) SwedishFootnote: im amazed some of these guys manage breathing
(18:06 / Allies) BAD_FRIDAY: chims on the towers
(18:07 / All) ImYoBabyDaddy: You don't need the Mill.
(18:10 / All) ImYoBabyDaddy: Farm*.
(18:12 / All) ImYoBabyDaddy: Mill blocks on its own.
(18:20 / All) SwedishFootnote: i forgot if it did
(18:31 / Allies) lolimisius: b
(18:53 / All) SwedishFootnote: stellar hero control once more by orange
(19:09 / All) flacidmember: yea as you let two dogs take down your expansion
(19:13 / All) flacidmember: good call
(19:19 / All) SwedishFootnote: two dogs lol
(19:23 / All) ImYoBabyDaddy: I'm just going to let you know that blue is one of the best players in Europe.
(19:27 / All) ImYoBabyDaddy: And I'm not joking about that.
(19:30 / All) ImYoBabyDaddy: If you lose, you ain't winning ever.
(19:37 / All) SwedishFootnote: its true
(20:18 / Allies) BAD_FRIDAY: hit oj
(20:20 / Allies) BAD_FRIDAY: no defense
(20:33 / Allies) ImYoBabyDaddy: Lumber if you got it.
(20:42 / Allies) ImYoBabyDaddy: Thanks.
(20:58 / Allies) ImYoBabyDaddy: Bats in tow.
(22:14 / Allies) ImYoBabyDaddy: Bats coming.
(22:25 / Allies) lolimisius: help please
(22:27 / Allies) ImYoBabyDaddy: make him focus
(22:27 / Allies) ImYoBabyDaddy: the dh
(22:30 / Allies) ImYoBabyDaddy: bait him
(23:00 / All) GetTheAssassino: i have two orbs of fire
(23:01 / All) GetTheAssassino: Watch out
(23:07 / All) ImYoBabyDaddy: I understand.
(23:28 / All) ImYoBabyDaddy: Good game, guys.
(23:34 / All) ImYoBabyDaddy: Going to sleep after this.
(23:37 / All) GetTheAssassino: I thoguht they'd never leave
(23:41 / All) GetTheAssassino: k
(23:51 / All) ImYoBabyDaddy: Building a forum for a blog is hard work.
(24:04 / All) SwedishFootnote: more like building a forum for yourself
(24:05 / All) SwedishFootnote: SNAP
(24:11 / All) ImYoBabyDaddy: Is that a problem?
(24:16 / Allies) BAD_FRIDAY: lol
(24:19 / All) SwedishFootnote: bro
(24:20 / All) ImYoBabyDaddy: What's wrong, Teelo?
(24:24 / All) SwedishFootnote: just take the joke
(24:26 / All) ImYoBabyDaddy: WTF WHY ARE YOU SHOOTING MY BATS
(24:30 / All) ImYoBabyDaddy: THAT ARE ATTACKING YOUR HALL
(24:41 / All) ImYoBabyDaddy: that's it im attacking oyu
(24:43 / All) ImYoBabyDaddy: btw flamestruck
(24:45 / All) ImYoBabyDaddy: i take jokes
(24:48 / All) ImYoBabyDaddy: in full stride
(24:51 / All) ImYoBabyDaddy: which is why i read your blog
(24:51 / All) ImYoBabyDaddy: ROFL
(25:06 / All) SwedishFootnote: TOCHUÉ brah
(25:21 / Allies) BAD_FRIDAY: ghetto
(25:23 / Allies) BAD_FRIDAY: why are you killing me
(25:24 / Allies) ImYoBabyDaddy: Yeah?
(25:31 / All) GetTheAssassino: sheesh pur had so much fuckin money
(25:32 / Allies) ImYoBabyDaddy: 'Cause everybody it's friday
(25:33 / All) ImYoBabyDaddy: FRIDAY
(25:42 / All) ImYoBabyDaddy: IT'S THE DAY AFTER THURSDAY
(25:45 / All) ImYoBabyDaddy: AND THE DAY BEFORE SATURDAY
(25:54 / All) SwedishFootnote: im starting to like that song
(26:06 / All) SwedishFootnote: we so excited
(26:23 / Allies) BAD_FRIDAY: ghetto
(26:26 / Allies) BAD_FRIDAY: the name refers to easter
(26:28 / Allies) BAD_FRIDAY: not that stupid song
(26:31 / All) ImYoBabyDaddy: rofl
(26:35 / All) ImYoBabyDaddy: im so white
(26:37 / All) ImYoBabyDaddy: sorry teelo
(27:56 / All) SwedishFootnote: i dont get it
(27:58 / All) SwedishFootnote: this works in 1v1
(28:02 / All) ImYoBabyDaddy: lol
(28:09 / All) ImYoBabyDaddy: Too many units in fours.
(28:15 / All) BAD_FRIDAY: lol
(28:24 / All) ImYoBabyDaddy: btw teelo
(28:26 / All) ImYoBabyDaddy: why did you kill your hall
(28:39 / All) BAD_FRIDAY: cause im trying to make my team lose
(28:44 / All) ImYoBabyDaddy: wtf why
(28:47 / All) GetTheAssassino: LL
(28:49 / All) BAD_FRIDAY: cause its RT lol
(29:25 / Allies) ImYoBabyDaddy: brb
(29:32 / Allies) ImYoBabyDaddy: lumber me real quick
(29:36 / All) ImYoBabyDaddy: neither am i
(29:39 / All) ImYoBabyDaddy: im going afk for a second
(29:40 / All) GetTheAssassino: We rarely are
(29:43 / All) ImYoBabyDaddy: if you manage to kill my heroes while im doing that
(29:45 / All) ImYoBabyDaddy: you earn it
(29:50 / All) SwedishFootnote: with what
(29:55 / All) SwedishFootnote: be a sport and send ur heroes in
(30:00 / All) ImYoBabyDaddy: ok.
(30:20 / All) SwedishFootnote: gay
(30:26 / All) ImYoBabyDaddy: brb
(31:59 / All) SwedishFootnote: sweden 1
(32:01 / All) SwedishFootnote: amerika 0
(32:13 / All) ImYoBabyDaddy: i doubt that ever happened
(34:43 / Allies) ImYoBabyDaddy: protect
(35:08 / All) SwedishFootnote: more to come
(37:13 / Allies) ImYoBabyDaddy: shit
(37:13 / Allies) ImYoBabyDaddy: whoops
(38:10 / Allies) BAD_FRIDAY: fuck ghetto
(38:13 / Allies) ImYoBabyDaddy: what
(38:15 / Allies) BAD_FRIDAY: id have tanks out
(38:36 / Allies) ImYoBabyDaddy: sorry
(39:54 / Allies) BAD_FRIDAY: tank!
(40:01 / Allies) ImYoBabyDaddy: Handle it.
(40:03 / Allies) ImYoBabyDaddy: Going for Struck.
(40:14 / Allies) BAD_FRIDAY: hes camping mid
(43:34 / All) ImYoBabyDaddy: Good game, guys.
(43:36 / All) ImYoBabyDaddy: COCKY GG
(43:38 / All) ImYoBabyDaddy: sorry.
(43:45 / All) SwedishFootnote: 1v1 in sc2 nerd?
(43:47 / All) SwedishFootnote: IM TOP GOLD
(43:53 / All) ImYoBabyDaddy: I don't play noobb games.
(43:56 / All) ImYoBabyDaddy: Made after 2004.
(45:16 / All) GetTheAssassino: K gg
(45:18 / All) ImYoBabyDaddy: ggs
(45:19 / All) SwedishFootnote: worth it all for that flamestrike herokill
(45:19 / All) BAD_FRIDAY: gg